 Dungeon Crawl Stone Soup version 0.30-b1-2-g02819fbbbe (webtiles) character file.

Game seed: 6777667593976291351

183 Alarkh the Insei (level 5, 0/35 HPs)
             Began as an Octopode Transmuter on July 9, 2023.
             Was an Initiate of Gozag.
             Slain by a centaur (5 damage)
             ... on level 3 of the Dungeon.
             The game lasted 00:03:46 (2606 turns).

Alarkh the Insei (Octopode Transmuter)              Turns: 2606, Time: 00:03:47

Health: 0/35       AC:  1    Str:  6 (9)  XL:     5   Next: 62%
Magic:  6/8        EV: 13    Int: 16 (17) God:    Gozag
Gold:   104        SH:  0    Dex: 12 (13) Spells: 7/8 levels left

rFire   . .          .
                       - Unarmed
rCold   . . .        (no shield)
rNeg    . . .        (helmet currently unavailable)
rPois   .            (no amulet)
rElec   .            (no ring)
rCorr   .            (no ring)
SInv    .            (no ring)
Will    .....        (no ring)
Stlth   +++          (no ring)
HPRegen 0.25/turn    (no ring)
MPRegen 0.11/turn    (no ring)
                     (no ring)

%: no passive effects
@: appendages
A: tentacle spike 3, almost no armour, amphibious, 8 rings, camouflage 1,
gelatinous body 1, (nimble swimmer 1), tentacles
a: End Transformation, Renounce Religion, Potion Petition, Call Merchant, Bribe
Branch


You were on level 3 of the Dungeon.
You worshipped Gozag.
Gozag was aware of your devotion.
One of your tentacles had grown a beastly spike.
You visited 1 branch of the dungeon, and saw 4 of its levels.

You collected 137 gold pieces.
You paid 33 gold pieces to Gozag.

Inventory:

Scrolls
 d - 2 scrolls of blinking {unknown}
 e - 2 scrolls of teleportation
 g - a scroll of amnesia
 h - 2 scrolls of identify {unknown}
 j - a scroll of noise {unknown}
 k - a scroll of enchant armour {unknown}
 o - a scroll of poison {unknown}
 p - a scroll of fog {unknown}
Potions
 a - 2 potions of lignification
 b - a potion of flight {unknown}
 c - 2 potions of degeneration
 f - 2 potions of heal wounds {unknown}
 i - a potion of curing {unknown}
 l - a potion of haste {unknown}
 m - a potion of brilliance {unknown}
 n - a potion of magic {unknown}


   Skills:
 + Level 2.4 Fighting
 + Level 3.0 Dodging
 + Level 3.2 Stealth
 * Level 4.5 Unarmed Combat
 - Level 2.0 Spellcasting
 - Level 2.0 Transmutations


You had 7 spell levels left.
You knew the following spells:

 Your Spells              Type           Power      Damage    Failure   Level
a - Beastly Appendage     Tmut           16%        N/A       9%          1

Your spell library contained the following spells:

 Spells                   Type           Power      Damage    Failure   Level
 Wereblood                Tmut           8%         N/A       14%         2
 Cigotuvi's Dreadful Rot  Necr/Pois/Air  2%         N/A       30%         2
 Static Discharge         Conj/Air       2%         2-3/arc   30%         2
 Spider Form              Tmut/Pois      4%         N/A       38%         3
 Ignite Poison            Fire/Tmut/Pois 3%         N/A       43%         3
 Frozen Ramparts          Ice            2%         1d1       52%         3
 Inner Flame              Hex/Fire       1%         N/A       52%         3
 Ice Form                 Ice/Tmut       4%         N/A       80%         4
 Airstrike                Air            0%         2d(1-17)  90%         4
 Flame Wave               Conj/Fire      1%         2d4       90%         4
 Sticky Flame             Conj/Fire      1%         2d3       90%         4
 Summon Ice Beast         Ice/Summ       1%         N/A       90%         4
 Summon Lightning Spire   Summ/Air       1%         N/A       90%         4
 Freezing Cloud           Conj/Ice/Air   0%         6-21      99%         5


Dungeon Overview and Level Annotations

Branches:
Dungeon (4/15)
 Temple: D:4-7

Altars:
Gozag

Shops:
D:1 [   D:2 *


Innate Abilities, Weirdness & Mutations

One of your tentacles has grown a beastly spike.
You cannot wear most types of armour.
You are amphibious.
You can wear up to eight rings at the same time.
Your skin changes colour to match your surroundings (Stealth+).
Your rubbery body absorbs attacks. (AC +1, EV +1)
((You are camouflaged when in or above water. (Stealth+)))
You have tentacles for arms and can constrict up to eight enemies at once.


Message History

The centaur hits you. The centaur kicks you.
The orc priest calls down the wrath of Beogh upon you.
Beogh smites you!
You climb upwards.
There is a stone staircase leading down here.
You tentacle-slap the centaur but do no damage.
You pierce the centaur, but do no damage.
You tentacle-slap the centaur.
The centaur is moderately wounded.
The centaur barely misses you. The centaur closely misses you.
You barely miss the centaur.
You squeeze the centaur, but do no damage.
The centaur is moderately wounded.
The centaur closely misses you. The centaur kicks you.
The centaur barely misses you. The centaur kicks you.
You tentacle-slap the centaur but do no damage.
You pierce the centaur.
The centaur is heavily wounded.
The centaur misses you. The centaur kicks you.
You tentacle-slap the centaur but do no damage.
You pierce the centaur, but do no damage.
You squeeze the centaur.
The centaur is heavily wounded.
Your tentacle spike disappears.
The centaur barely misses you. The centaur kicks you.
The centaur barely misses you. The centaur completely misses you.
Casting: Beastly Appendage (safe; 9% risk of failure)
Confirm with . or Enter, or press ? or * to list all spells.
One of your tentacles grows a vicious spike.
The centaur hits you. The centaur kicks you.
* * * LOW HITPOINT WARNING * * *
Unknown command.
You barely miss the centaur.
You pierce the centaur, but do no damage.
The centaur is heavily wounded.
The centaur hits you.
* * * LOW HITPOINT WARNING * * *
The centaur barely misses you. The centaur hits you.
You die...
Your body crumbles into a pile of gold.

..PP.........##
#..##......
..PP....#.##.#
##.........
..PP...(..##.#
###.......
..PP...).###.##
#..##... ..PP...###
#..# #..#....
PPPP.....####.#
#..#....
PPPP..#....##.#####
#.##....
......#.##........#
#.##....
........##.....[@.#
#.##....
###....###......c[#
#.###... ######
####.##### #.# ##..
#.# #.# ### #.# #.#
#.# #.# #####.####
#^# ##...#.)..## ###
########..........##


You could see a centaur.

Vanquished Creatures
  An orc priest (D:4)
  2 orc wizards (D:3)
  A gnoll (D:1)
  2 adders
  A dart slug (D:1)
  4 orcs
  5 bats
  7 endoplasms
  3 giant cockroaches
  9 goblins
  7 hobgoblins
  4 kobolds
  4 quokkas
  6 ball pythons
  7 frilled lizards
  3 rats
66 creatures vanquished.

Notes
Turn   | Place    | Note
-------+----------+-------------------------------------------
     0 | D:1      | Alarkh the Octopode Transmuter began the quest for the Orb.
     0 | D:1      | Reached XP level 1. HP: 13/13 MP: 3/3
   197 | D:1      | Reached XP level 2. HP: 8/18 MP: 5/5
   313 | D:1      | Reached skill level 1 in Stealth
   455 | D:1      | Reached XP level 3. HP: 23/23 MP: 4/6
   709 | D:1      | Found Plog's Antique Armour Emporium.
  1345 | D:2      | Found Setotagh's Assorted Antiques.
  1414 | D:2      | Reached XP level 4. HP: 28/29 MP: 7/7
  1692 | D:3      | Found a faded altar of an unknown god.
  1738 | D:3      | Reached skill level 4 in Unarmed Combat
  2129 | D:3      | Found an opulent altar of Gozag.
  2145 | D:3      | Became a worshipper of Gozag Ym Sagoz the Greedy
  2348 | D:4      | Noticed a centaur
  2362 | D:4      | Reached XP level 5. HP: 9/34 MP: 8/8
  2606 | D:3      | Slain by a centaur

Illustrated notes

Levels and vault maps discovered:
D:1:      wander_arrival_fairy_ring, layout_basic, serial_shops, shop
D:2:      layout_basic, serial_shops, nicolae_shop_peninsula
D:3:      layout_rooms, mainiacjoe_overflow_chevrons,
          ebering_ecumenical_altar_mist
D:4:      minmay_angry_zag, layout_loops_cross, grunt_qazlal_sundering,
          serial_rivers, chequers_serial_rivers_room_b,
          chequers_serial_rivers_marsh, chequers_serial_rivers_micro_c,
          chequers_serial_rivers_large_b, serial_shops, shop, minmay_between,
          uniq_duvessa, uniq_eustachio, uniq_edmund

Skill      XL: |  1  2  3  4  5 |
---------------+----------------+-----
Stealth        | 1 2 3 |  3.2
Fighting       | 2 |  2.4
Unarmed Combat | 4 |  4.5
Dodging        | 3 |  3.0
Spellcasting   | |  2.0
Transmutations | |  2.0

Action                     |  1- 3 |  4- 6 || total
---------------------------+-------+-------++-------
  Melee: Unarmed           |    91 |    74 ||   165
         Constrict         |    19 |    16 ||    35
         Tentacles         |    16 |    16 ||    32
         Kick              |     8 |    14 ||    22
         Punch             |     3 |     1 ||     4
   Cast: Beastly Appendage |     7 |    11 ||    18
    Use: Scroll            |     2 |       ||     2
         Potion            |       |     1 ||     1
   Stab: Sleeping          |    11 |     5 ||    16
 Armour: Skin              |     7 |     1 ||     8
  Dodge: Dodged            |    47 |    58 ||   105
